[Event "XV American Continental 2022"]
[Site "San Salvador"]
[Date "2022.05.04"]
[Round "4.4"]
[White "Hungaski, Robert"]
[Black "Munoz Sanchez, Miguel"]
[Result "1/2-1/2"]
[ECO "E41"]
[WhiteElo "2521"]
[BlackElo "2226"]
[Annotator "TA"]
[PlyCount "56"]
[EventDate "2022.05.02"]
[EventCountry "ESA"]
[SourceTitle "playchess.com"]
[Source "ChessBase"]
[SourceQuality "1"]
[TimeControl "40/5400+30:1800+30"]

1. d4 Nf6 2. c4 e6 3. Nc3 Bb4 4. e3 c5 5. Bd3 Nc6 6. Nge2 d5 7. O-O O-O 8. cxd5 exd5 9. a3 cxd4 {[%emt 0:00:39] 9...Bxc3 is more advanced technology.} 10. axb4 dxc3 11. bxc3 {[%emt 0:00:35] E48: Nimzo-Indian: Rubinstein: 5 Bd3 d5 including 6 Ne2, but excluding 6 a3.} (11. b5 $5 Ne5 12. Nxc3 $14) 11... Bg4 12. f3 Bh5 (12... Bd7 $11 {keeps the balance.}) 13. Nf4 $16 {[%emt 0:00:07] White is better.} Bg6 14. Be2 {[%emt 0:00:06] [#] White is more active.} a5 $146 ({Predecessor:} 14... Re8 15. Qb3 a5 16. b5 Ne7 17. g4 h5 18. h3 hxg4 19. hxg4 Nd7 20. Rd1 Qc7 {0-1 (51) Krasteva,B (2305)-Karisik,N (2144) Paracin 2021}) 15. b5 Ne5 16. Qb3 {[%emt 0:07:58] Threatens to win with Rd1.} Bf5 17. Rd1 Be6 18. Ba3 (18. Qa4 $5 ) 18... Qb6 19. Bxf8 {[%emt 0:02:00][%cal Oc3c4] Black must now prevent c4!} Qxe3+ 20. Kh1 Rxf8 {[%emt 0:00:38] [#]} 21. Nxe6 ({White must play} 21. Qa4 $1 $16 ) 21... fxe6 $11 {[%emt 0:04:41] The position is equal.} 22. Qa4 Neg4 $36 {[%emt 0:14:13][%mdl 2112] Deflection. Black is pushing.} 23. fxg4 Ne4 $1 {[%emt 0:00:06] ( -> ...Nf2+)} ({Resist} 23... Qxe2 24. Re1 (24. Qxa5 Ne4 $11) 24... Qf2 25. Rf1 $16 (25. Qxa5 Nxg4 26. Qc7 Qf5 $16) (25. Rxe6 Ne4 $17)) 24. Rf1 Ng3+ 25. hxg3 {[%emt 0:00:06] Rxf8+ is the strong threat.} Qh6+ 26. Kg1 Qe3+ 27. Kh2 Qh6+ 28. Kg1 Qe3+ {Weighted Error Value: White=0.12 (very precise) /Black=0.11 (very precise)} 1/2-1/2

[Event "XV American Continental 2022"]
[Site "San Salvador"]
[Date "2022.05.04"]
[Round "4.5"]
[White "Pichot, Alan"]
[Black "Proudian, Armen"]
[Result "1-0"]
[ECO "C88"]
[WhiteElo "2652"]
[BlackElo "2418"]
[Annotator "TA"]
[PlyCount "93"]
[EventDate "2022.05.02"]
[EventCountry "ESA"]
[SourceTitle "playchess.com"]
[Source "ChessBase"]
[SourceQuality "1"]
[TimeControl "40/5400+30:1800+30"]

1. e4 e5 2. Nf3 Nc6 3. Bb5 a6 4. Ba4 Nf6 5. O-O Be7 6. Re1 b5 7. Bb3 O-O 8. a4 b4 9. d3 d6 10. c3 Rb8 11. Nbd2 Na5 12. Ba2 c5 13. d4 {[%emt 0:00:19] C88: Closed Ruy Lopez: Anti-Marshall Systems.} Qc7 14. dxe5 dxe5 15. Nc4 {[%emt 0:00:10] White has an edge.} Rd8 16. Qe2 {[%emt 0:00:49] [#] aiming for Nxa5.} b3 17. Nxa5 (17. Bb1 Nxc4 18. Qxc4 Be6 $17) 17... Qxa5 18. Bb1 Qc7 19. Bd3 {[%emt 0:06:24] [#]} Ne8 $146 ({Predecessor:} 19... a5 20. Bg5 Nh5 21. Be3 Bb7 22. Bc4 h6 23. Nd2 Nf4 24. Bxf4 exf4 25. Nxb3 Bc8 {1-0 (63) Carlsen,M (2714)-Adams,M (2729) Moscow 2007}) 20. Bc4 Nd6 21. Bd5 (21. Nxe5 {feels hotter.} Bf6 22. Nf3 Bxc3 23. bxc3 Nxc4 24. Qxc4 b2 25. Bxb2 Rxb2 26. Rad1) 21... Bf6 22. Nd2 Bb7 23. Bxb3 Nxe4 {[%emt 0:03:57] White leaves nothing to chance now.} 24. Nxe4 Bxe4 {[%emt 0:00:06] [#]} 25. Bxf7+ $1 Qxf7 26. Qxe4 Qd5 27. Qe2 Qd3 {[%emt 0:01:08] Threatens to win with ...Qxe2.} 28. Qg4 Rb6 (28... a5 $16 {might work better.}) 29. Be3 $18 Qd7 30. Qe2 Be7 31. b4 {[%emt 0:00:43] Hoping for Rad1.} Rg6 (31... Qd3 {was called for.} 32. Qa2+ (32. Bxc5 Qxe2 33. Rxe2 Bxc5 $16) 32... Kf8 33. Bxc5 Bxc5) 32. Red1 ({Don't play} 32. bxc5 Qc6 33. Qc4+ Qd5 34. Qxd5+ Rxd5 $18) ({Not} 32. Bxc5 Qd5 33. g3 Bxc5 $16) 32... Qc6 33. Rxd8+ Bxd8 34. g3 cxb4 35. cxb4 h6 36. b5 Qc3 (36... axb5 $142 37. axb5 Qd7 38. Qc4+ Kh7) 37. Rc1 Qa5 38. Qd3 e4 39. Qxe4 (39. Qd5+ $142 Kh7 40. Rc8 axb5 41. Rxd8 Qxd8 42. Qxd8 bxa4 43. Qe7) 39... Rd6 40. Bf4 Rf6 41. Rc8 {[%emt 0:30:56] Strongly threatening Qd5+.} Kf7 42. Qd5+ Ke7 43. Bd2 {[%emt 0:00:00] White mates.} Qb6 44. Be3 Qa5 45. Bc5+ Ke8 46. Kg2 axb5 47. axb5 {[%emt 0:00:00] Weighted Error Value: White=0.03 (flawless) /Black=0.55} 1-0

[Event "XV American Continental 2022"]
[Site "San Salvador"]
[Date "2022.05.04"]
[Round "4.6"]
[White "Figueredo Losada, Leonel"]
[Black "Quesada Perez, Yasser"]
[Result "0-1"]
[ECO "B32"]
[WhiteElo "2337"]
[BlackElo "2560"]
[Annotator "TA"]
[PlyCount "50"]
[EventDate "2022.05.02"]
[EventCountry "ESA"]
[SourceTitle "playchess.com"]
[Source "ChessBase"]
[SourceQuality "1"]
[TimeControl "40/5400+30:1800+30"]

1. e4 c5 2. Nf3 Nc6 3. d4 cxd4 4. Nxd4 Qb6 5. Nb3 Nf6 6. Nc3 e6 7. Qe2 Bb4 8. Bd2 O-O 9. a3 {[%emt 0:00:02] B33: Sicilian: Pelikan and Sveshnikov Variations.} Be7 10. O-O-O d5 11. e5 {[%emt 0:00:27] White is slightly better.} Nd7 12. f4 {[%emt 0:00:07] [#]} d4 $146 ({Predecessor:} 12... Nc5 13. Nxc5 Qxc5 14. h4 Bd7 15. Qh5 Be8 16. Qg4 b5 17. f5 Nxe5 18. Qg3 Bf6 {½-½ (56) Najer,E (2674)-Azarov,S (2589) Czech Republic 2016}) 13. Ne4 a5 14. Be1 $1 a4 15. Nbd2 Qc7 16. Qh5 (16. Nf3 $14) 16... f5 (16... b5 $15) 17. Ng5 (17. exf6 $1 $11 {remains equal.} Nxf6 18. Nxf6+ Bxf6 19. Bc4 (19. Bd3 g6 $11)) 17... Bxg5 $17 18. Qxg5 Nc5 (18... b5 $142) 19. Nf3 (19. Bf2 $17) 19... b5 $1 $19 {[%emt 0:39:44][%cal Ob5b4] ...b4! is the strong threat.} 20. Bxb5 {[%emt 0:06:00] [#] Now White is beyond hope.} ({But not} 20. Nxd4 $2 Nxd4 21. Rxd4 Nb3+ 22. Kb1 Nxd4 $19) (20. Kb1 $17 {might work better.} b4 21. Nxd4 (21. Bxb4 $2 Nxb4 22. axb4 Ne4 $19) 21... Nxd4 22. Rxd4 bxa3 23. bxa3) 20... Ba6 $1 21. Bxc6 {[%emt 0:05:11] [#]} d3 22. Bb4 (22. Nd4 $142 Rad8 23. Bc3 Rxd4 24. Bf3 (24. Bxd4 $2 {too greedy.} Ne4 $19)) 22... Qxc6 23. Bxc5 Qxc5 24. c3 Rab8 {[%emt 0:03:11][%cal Ob8b2] ( -> ...Rxb2!)} ({Worse is} 24... Qf2 25. Rd2 Qc5 26. Ne1 $17) 25. Nd4 {[%emt 0:06:13] [#]} Rxb2 $3 {[%emt 0:00:46][%mdl 576] Clearance.  Weighted Error Value: White=1.25/Black=0.06 (flawless)} 0-1

[Event "XV American Continental 2022"]
[Site "San Salvador"]
[Date "2022.05.04"]
[Round "4.7"]
[White "Salinas Herrera, Pablo"]
[Black "Gutierrez, Renzo"]
[Result "1-0"]
[ECO "C71"]
[WhiteElo "2534"]
[BlackElo "2286"]
[Annotator "TA"]
[PlyCount "211"]
[EventDate "2022.05.02"]
[EventCountry "ESA"]
[SourceTitle "playchess.com"]
[Source "ChessBase"]
[SourceQuality "1"]
[TimeControl "40/5400+30:1800+30"]

1. e4 e5 2. Nf3 Nc6 3. Bb5 a6 4. Ba4 d6 5. Nc3 Bd7 (5... b5 $5 6. Bb3 Be7 $11) 6. Bxc6 {[%emt 0:00:07] C71: Ruy Lopez: Deferred Steinitz Variation, sidelines.} Bxc6 7. d4 exd4 8. Nxd4 {[%emt 0:00:05] White is slightly better.} Be7 9. Nxc6 bxc6 {[%emt 0:00:05] [#]} 10. Qf3 $146 ({Predecessor:} 10. O-O Nf6 11. Qe2 O-O 12. f4 d5 13. e5 Nd7 14. Kh1 Nb6 15. f5 Bg5 16. Qg4 Bxc1 17. Raxc1 Nc4 18. f6 g6 {0-1 (44) Litvinenko,E (1984)-Kuznetsova,E (2156) Cheliabinsk 2011}) 10... Bg5 (10... Qd7 $14) 11. e5 $16 d5 12. e6 Nh6 13. Qg3 Bf6 14. Bxh6 {[%emt 0:15:35] White is more active.} gxh6 15. exf7+ Kxf7 16. O-O Re8 17. Rad1 (17. Rae1 $16) 17... Qd6 $14 18. Qh3 Bg7 19. Ne2 Qe6 {[%emt 0:04:36] aiming for ...Qxh3.} 20. Qf3+ Qf6 {[%emt 0:00:50] Threatens to win with ...Qxf3.} 21. Nf4 {[%emt 0:00:14][%cal Oc2c4] With the idea c4!} Kg8 22. b3 Re4 23. g3 Qc3 {[%emt 0:01:30] Prevents c4.} 24. Qxc3 Bxc3 25. Rd3 Be5 26. f3 $36 {[%emt 0:00:40][%mdl 2048] White is really pushing.} Rd4 (26... Rb4 $142) 27. Re1 $16 Rxd3 28. Nxd3 {[%emt 0:00:05][%mdl 4096] Endgame KRB-KRN} Bd4+ (28... Bd6 $16 29. Re6 Rf8) 29. Kg2 $18 Kf7 30. f4 a5 31. Kf3 a4 32. Re2 c5 {[%emt 0:00:31] Prevents Nb4.} 33. f5 axb3 34. axb3 Ra1 (34... c4 $142 35. Nf4 cxb3 36. cxb3 Rb8) 35. Nf4 $16 c6 36. Re6 Rc1 37. Re2 $2 (37. Rxh6 $18 Rxc2 38. Rxh7+ (38. Rxc6 Rxh2 39. Rc7+ Kf8 $16) 38... Ke8 39. Rc7) 37... Bf6 (37... Ra1 $1 $11) 38. Nd3 ({Better is} 38. Kg4) 38... Rf1+ 39. Rf2 ({White should play} 39. Kg4 $1 $16) 39... Rxf2+ $11 40. Nxf2 {[%emt 0:00:06] KB-KN} Bd4 41. Nd3 Kf6 42. Kf4 h5 43. h3 c4 (43... h6 $11 {keeps the balance.}) 44. bxc4 $16 dxc4 (44... Bc3 $16 {keeps fighting.}) 45. Nb4 $18 Be5+ 46. Ke4 Bxg3 47. Nxc6 Bd6 {[%emt 0:04:52] [#]} 48. Na5 $1 c3 49. Nc4 Bc5 50. Ne5 Ba7 51. Nd3 Bb8 $2 (51... Kf7 52. Nf4 Bf2 53. Nxh5 Ke7) 52. Nc5 $2 (52. Nb4 {Nd5+ is the strong threat.} Kg7 53. Nd5) 52... Kg5 $2 (52... Bg3 53. Ne6 Ke7) 53. Nd7 Bc7 54. Nf8 Kh4 55. Nxh7 Kxh3 {[%emt 0:00:35] [#]} 56. Kf3 $1 ({Less strong is} 56. f6 Kg3 $14) 56... Kh2 57. f6 Bd6 58. f7 h4 59. Ng5 Be7 60. Ne4 $2 (60. Kg4 {mates} Kg2 61. Kxh4 Kf2 62. Kg4 Ke3 63. Ne6 Ke4 64. f8=Q Bxf8 65. Nxf8) 60... Kg1 $1 $11 61. Kg4 Kg2 62. Nxc3 h3 63. Nd5 h2 64. Nxe7 h1=Q {[%emt 0:00:14] ( -> ...Qd1+)} 65. f8=Q {[%emt 0:00:02] White threatens Qf3+ and mate.} Qd1+ 66. Kg5 Qxc2 67. Qa8+ Kf2 68. Qa7+ Kf3 69. Qa3+ Ke4 70. Qa8+ Kd3 71. Nf5 Qc1+ 72. Kf6 Qf4 73. Qa3+ Kc2 74. Qa2+ Kc3 75. Qb1 Qf3 76. Qb5 Qf4 77. Qe2 Kb3 78. Qd3+ Kb4 79. Qb1+ Kc3 80. Qe1+ Kd3 81. Qd1+ Kc3 82. Qd5 Kb4 83. Qc6 Qf2 84. Qe4+ Kc3 85. Ke6 Qa2+ 86. Ke5 Qa5+ 87. Kf6 {[%emt 0:00:15] Intending Qe1+ and mate.} Qb6+ 88. Kf7 Qc7+ 89. Ne7 Qc4+ 90. Nd5+ Kb3 91. Qe3+ Kc2 92. Qe6 {[%emt 0:01:24] White wants to mate with Ne3+.} Kd3 93. Qe3+ Kc2 94. Qe5 Kd3 95. Qd6 Kd4 96. Ke6 Qe2+ 97. Kf6 {[%emt 0:00:31] Threatening mate with Nf4+.} Qf3+ 98. Nf4+ Ke3 99. Kf5 Qe4+ 100. Kg5 Qd4 101. Qa3+ Kd2 $2 (101... Ke4 $11) 102. Qa2+ {[%emt 0:00:04] White mates.} Kd1 103. Qe2+ Kc1 104. Nd3+ Kb1 105. Qd1+ Ka2 106. Nc1+ {[%emt 0:00:02] Weighted Error Value: White=0.39/Black=0.37} 1-0

[Event "XV American Continental 2022"]
[Site "San Salvador"]
[Date "2022.05.04"]
[Round "4.8"]
[White "Del Castilho, Martyn"]
[Black "Krysa, Leandro"]
[Result "0-1"]
[ECO "B56"]
[WhiteElo "2289"]
[BlackElo "2525"]
[Annotator "TA"]
[PlyCount "42"]
[EventDate "2022.05.02"]
[EventCountry "ESA"]
[SourceTitle "playchess.com"]
[Source "ChessBase"]
[SourceQuality "1"]
[TimeControl "40/5400+30:1800+30"]

1. e4 c5 2. Nf3 Nc6 3. d4 cxd4 4. Nxd4 Nf6 5. Nc3 d6 6. f3 e5 7. Nb3 Be7 8. Be3 O-O 9. Qd2 Be6 10. O-O-O a5 11. Bb5 a4 {[%emt 0:00:47] B56: Classical Sicilian: Unusual Lines.} 12. Bxa4 Na5 13. Nxa5 (13. Bg5 $1 $14) 13... Qxa5 $11 {[%emt 0:00:58] The position is equal.} 14. Bb3 Bxb3 15. cxb3 {[%emt 0:00:11] Hoping for a3.} d5 16. exd5 (16. Nxd5 $11 Rfc8+ 17. Nc3) 16... Bb4 $1 $15 {[%emt 0:06:58] [#] aiming for ...Bxc3.} 17. Kb1 $146 (17. d6 $11) ({Predecessor:} 17. Qc2 Rfc8 18. Rd3 Bxc3 19. Rxc3 Rxc3 20. bxc3 Nxd5 21. Bd2 Qxa2 22. Qxa2 Rxa2 23. Rd1 Ra1+ 24. Kc2 Rxd1 {½-½ (24) Abrahamyan,T (2373)-Escalante Ramirez,B (2452) Saint Louis 2019}) 17... Bxc3 $19 {[%emt 0:21:30][%mdl 64] Remove Defender} 18. bxc3 {[%emt 0:00:18] [#] Strongly threatening c4.} ({Much weaker is} 18. Qxc3 Qxa2+ 19. Kc2 Rfc8 $19) 18... Nxd5 $1 19. Qxd5 Qxa2+ 20. Kc1 {[%emt 0:00:01] [#]} Ra3 $1 {[%emt 0:04:57][%mdl 1024] Black has strong compensation.} 21. Qd6 $2 (21. Qxe5 {leads to mate.} Rxb3) ({Wrong is} 21. Qd2 $2 Qa1+ 22. Kc2 Ra2+ 23. Kd3 Rxd2+ 24. Bxd2 Rd8+ 25. Ke3 Qa7+ 26. Ke2 Qa6+ 27. c4 Qa2 $19) (21. Bc5 $19 Rxb3 22. Qxb3 Qxb3 23. Bxf8 Qxc3+ 24. Kb1 Qb3+ 25. Kc1) 21... Rxb3 {[%emt 0:05:56] Black took control after the opening.  Weighted Error Value: White=1.23/Black=0.03 (flawless)} 0-1

[Event "XV American Continental 2022"]
[Site "San Salvador"]
[Date "2022.05.04"]
[Round "4.9"]
[White "Cervantes Landeiro, Thalia"]
[Black "Morovic Fernandez, Ivan"]
[Result "1/2-1/2"]
[ECO "A53"]
[WhiteElo "2193"]
[BlackElo "2495"]
[Annotator "TA"]
[PlyCount "72"]
[EventDate "2022.05.02"]
[EventCountry "ESA"]
[SourceTitle "playchess.com"]
[Source "ChessBase"]
[SourceQuality "1"]
[TimeControl "40/5400+30:1800+30"]

1. d4 Nf6 2. c4 d6 3. Nc3 e5 4. d5 Nbd7 5. e4 Be7 6. Bd3 O-O 7. h3 {[%emt 0:06:01] A53: Old Indian Defence without Nf3.} c6 8. Nf3 a5 9. O-O {[%emt 0:03:50] White has an edge.} Nc5 10. Bc2 cxd5 11. cxd5 b5 12. Re1 {[%emt 0:12:37] [#]} ({Reject} 12. Nxb5 Nfxe4 13. a4 Ba6 $15) 12... Ba6 $146 ({Predecessor:} 12... Rb8 13. Rb1 Nfd7 14. Be3 Ba6 15. Qd2 Qc7 16. Ne2 b4 17. Rbc1 Rfc8 18. Ng3 g6 {½-½ (24) Horvath,J (2232)-Molnar,B (2372) Hungary 2008}) 13. Be3 {[%emt 0:05:51] [#] Threatens to win with Bxc5.} Qc7 14. Rc1 Rfc8 15. a3 Qb7 16. b4 axb4 17. axb4 Na4 18. Nxa4 ({Much worse is} 18. Bxa4 bxa4 19. Nxa4 Nxe4 $15) (18. Na2 {seems wilder.} Nb2 19. Qe2 h6 20. Bb1) 18... bxa4 19. Bxa4 Rxc1 20. Bxc1 {[%emt 0:01:49] And now Bc6 would win.} Qxb4 21. Bd2 Qa3 22. Re3 {[%emt 0:04:42] [#]} Be2 $1 23. Rxe2 {[%emt 0:01:20] Strongly threatening Bc6.} (23. Rxa3 $2 {perishes.} Bxd1 24. Bxd1 Rxa3 $19) (23. Qe1 Qxa4) 23... Rxa4 24. Bg5 Qa1 25. Qxa1 Rxa1+ 26. Kh2 h6 27. Bxf6 Bxf6 $11 {[%emt 0:00:02][%mdl 4096] Endgame KRB-KRN} 28. Rc2 Ra4 29. Nd2 Kh7 30. Rc7 Rd4 {[%emt 0:04:37] The position is equal.} 31. Nc4 Rxe4 32. Nxd6 Rd4 33. Rxf7 e4 {[%emt 0:00:17] aiming for ...Be5+.} 34. g3 Be5 35. Nf5 Rxd5 36. Ne3 Ra5 {[%emt 0:01:30] Weighted Error Value: White=0.03 (flawless) /Black=0.03 (flawless)} 1/2-1/2

[Event "XV American Continental 2022"]
[Site "San Salvador"]
[Date "2022.05.04"]
[Round "4.10"]
[White "Mekhitarian, Krikor Sevag"]
[Black "Giron, Jorge Ernesto"]
[Result "0-1"]
[ECO "A50"]
[WhiteElo "2569"]
[BlackElo "2257"]
[Annotator "TA"]
[PlyCount "78"]
[EventDate "2022.05.02"]
[EventCountry "ESA"]
[SourceTitle "playchess.com"]
[Source "ChessBase"]
[SourceQuality "1"]
[TimeControl "40/5400+30:1800+30"]

1. d4 Nf6 2. c4 b6 3. Nc3 Bb7 4. f3 c5 5. d5 e6 6. e4 {[%emt 0:00:22] A50: Queen's Fianchetto Defence (1 d4 Nf6 2 c4 b6).} exd5 7. cxd5 (7. Nxd5 $6 Nxd5 8. cxd5 (8. exd5 Bd6 $11) 8... Bd6 $11) 7... d6 {[%emt 0:00:06] [#]} 8. Nge2 $146 {[%emt 0:13:56] White is better.} ({Predecessor:} 8. a4 Be7 9. a5 O-O 10. a6 Bc8 11. Bb5 Ne8 12. Nge2 Nc7 13. Qd3 Nxb5 14. Qxb5 {1-0 (33) Mikhalsky,V (2269)-Titichoca Daza,D (2250) Chess.com INT 2022}) 8... Na6 9. Ng3 Nc7 10. Be2 (10. Qa4+ $16 Nd7 11. Bf4) 10... h5 (10... g6 $14) 11. Bg5 $16 Bc8 (11... h4 $16) 12. e5 $18 dxe5 13. Nge4 {[%emt 0:00:22] f4 is the strong threat.} Bd6 14. O-O $2 (14. Qa4+ $18 {has better winning chances.} Ke7 15. f4 (15. Qc6 Bf5 $16)) 14... Kf8 15. f4 Bb7 {[%emt 0:19:36] [#]} 16. Bxf6 (16. Qd2 $142 $1) 16... gxf6 $16 17. f5 (17. Bxh5 exf4 18. Nxd6 Qxd6 $15) 17... h4 18. Bc4 (18. Rf2 $16) 18... a6 $1 $11 19. a4 {[%emt 0:00:17] Against b5} b5 (19... h3 $14) 20. axb5 $16 axb5 21. Rxa8 Qxa8 (21... Bxa8 $142 22. Nxb5 Nxb5 23. Bxb5 h3) 22. Nxd6 {[%emt 0:03:57] Pair of Knights!} ({Much less strong is} 22. Nxb5 Nxb5 23. Bxb5 Ke7 $11) 22... bxc4 {[%emt 0:00:04] [#]} 23. Nxb7 (23. Nde4 $1 $16) 23... Qxb7 $11 24. d6 Nb5 25. Nxb5 Qxb5 {[%emt 0:00:02][%mdl 4096] Endgame KQR-KQR} 26. Qd5 ({Don't blunder} 26. d7 $2 Ke7 27. Qf3 (27. Qd5 $2 Rd8 $19) 27... Rd8 $19) 26... Kg7 27. d7 (27. Qd2 $1 $11 {remains equal.}) 27... Rd8 $17 28. Rd1 e4 (28... Qxb2 $17 {White must now prevent ...c3.} 29. Qxc4 Qb4 30. Qxb4 cxb4) 29. Qxe4 $11 {[%emt 0:01:15] aiming for Qg4+.} Rxd7 30. Qg4+ Kf8 31. Re1 (31. Rxd7 $11 Qxd7 32. Qxc4) 31... Qxb2 $19 32. Qh5 $2 (32. Qxc4 Rd2 33. Qe4) 32... Qd4+ 33. Kh1 Kg7 34. h3 Ra7 (34... c3 $142 35. Qe2 Qa4 36. Rg1 c2 37. Qe8 c1=Q 38. Rxc1 Rd1+ 39. Qe1 Rxe1+ 40. Rxe1 Qf4 41. Kg1 c4 42. Re2 Qd4+ 43. Kf1 Qd3 44. Kf2 c3 45. Re3 Qd4 46. Kf3 c2 47. Re1 Qd3+ 48. Kf2 Qd2+ 49. Kf1 Kf8 50. Ra1 Qd3+ 51. Ke1 Qc3+ 52. Ke2 Qxa1 53. Kf3 c1=Q 54. g4 Qe1 55. Kf4 Qg3+ 56. Ke4 Qae5#) 35. Kh2 Qf4+ (35... Ra1 $142 36. Rxa1 Qe5+ 37. Kg1 Qxa1+ 38. Kf2 Qd4+ 39. Ke1 c3 40. Qg4+ Kf8 41. Qd1 Qg1+ 42. Ke2 Qxg2+ 43. Kd3 Qxh3+ 44. Kc4 Qxf5 45. Kxc3 Qe5+ 46. Kc2 h3 47. Qf3 h2 48. Qa8+ Qe8 49. Qf3 Qe1 50. Qa8+ Qe8 51. Qf3 Qe5 52. Qa8+ Kg7 53. Qg2+ Kh6 54. Qd2+ Kh7 55. Qg2 f5 56. Qh3+ Kg6 57. Qg2+ Kf6 58. Kb3 Qe3+ 59. Kb2 Qd4+ 60. Kb3 Qe3+ 61. Kb2 Qd4+ 62. Ka2 Qg1 63. Qb2+ Kg6 64. Qb6+ Kh7 65. Qf6 h1=Q 66. Qxf7+ Kh8 67. Qf8+ Qg8+ 68. Qxg8+ Kxg8 69. Kb2 f4 70. Kc3 Qe4 71. Kb3 f3 72. Kc3 f2 73. Kd2 f1=Q 74. Kc3 Qc1+ 75. Kb3 Qec4#) 36. Kh1 Ra2 {[%emt 0:00:34] ( -> ...Rd2)} 37. Rg1 c3 {[%emt 0:00:16] Black mates.} 38. Qg4+ Qxg4 39. hxg4 Kh6 {[%emt 0:00:15] What a fight!  Weighted Error Value: White=1.05/Black=0.74} (39... Rd2 $142 40. Rc1 c2 41. Kh2 Kh6 42. Rxc2 Rxc2 43. Kh3 Kg5 44. g3 Rc3 45. Kh2 Rxg3 46. Kh1 Kxg4 47. Kh2 Kf3 48. Kh1 Rh3+ 49. Kg1 c4 50. Kf1 Rh1#) 0-1

[Event "XV American Continental 2022"]
[Site "San Salvador"]
[Date "2022.05.04"]
[Round "4.11"]
[White "Kaidanov, Gregory"]
[Black "Hernandez Jimenez, Alexander Andres"]
[Result "1-0"]
[ECO "A05"]
[WhiteElo "2556"]
[BlackElo "2137"]
[Annotator "TA"]
[PlyCount "33"]
[EventDate "2022.05.02"]
[EventCountry "ESA"]
[SourceTitle "playchess.com"]
[Source "ChessBase"]
[SourceQuality "1"]
[TimeControl "40/5400+30:1800+30"]

1. Nf3 Nf6 2. g3 d5 3. Bg2 c5 4. O-O g6 5. c4 Bg7 6. cxd5 Nxd5 7. d4 cxd4 8. Nxd4 O-O 9. Nc3 Nxc3 10. bxc3 Qa5 11. Be3 {[%emt 0:10:22] D75: Fianchetto Grünfeld: Main Line with 7...c5.} Na6 12. Qb3 e5 (12... Rb8 $11) 13. Nb5 $14 {[%emt 0:03:06] White is more active. White is slightly better.} Be6 {[%emt 0:01:29] [#]} 14. c4 $1 {[%emt 0:00:12] [#]} e4 $146 (14... Rfd8 $142) ({Predecessor:} 14... Rac8 15. Nd6 Rc7 16. Nxb7 Qb4 17. Rab1 Qxc4 18. Qa3 {1-0 (18) Garcia Garcia,A (2247)-Mischuk,D (2347) Chess.com INT 2021}) 15. Rad1 $16 f5 $2 (15... b6 $16 {is tougher.}) 16. Rd6 $18 Bf7 17. Bd2 {[%emt 0:00:21] Against Qb4. White took control after the opening.  Weighted Error Value: White=0.07 (flawless) /Black=0.87} 1-0

[Event "XV American Continental 2022"]
[Site "San Salvador"]
[Date "2022.05.06"]
[Round "5.1"]
[White "Swiercz, Dariusz"]
[Black "Gareyev, Timur"]
[Result "1/2-1/2"]
[ECO "E11"]
[WhiteElo "2665"]
[BlackElo "2565"]
[Annotator "TA"]
[PlyCount "46"]
[EventDate "2022.05.02"]
[EventCountry "ESA"]
[SourceTitle "playchess.com"]
[Source "ChessBase"]
[SourceQuality "1"]
[TimeControl "40/5400+30:1800+30"]

1. d4 Nf6 2. c4 e6 3. Nf3 Bb4+ 4. Nbd2 O-O 5. a3 Be7 6. e4 d6 {[%emt 0:00:08][%cal Oe6e5] E11: Bogo-Indian.} (6... d5 $5 ) 7. Be2 Nfd7 8. b3 e5 {[%emt 0:00:43] White is slightly better.} 9. Bb2 exd4 10. Nxd4 Bf6 {[%emt 0:00:31] [#] aiming for ...c5.} 11. Qc2 {[%emt 0:00:43] [#]} Ne5 $146 ({Predecessor:} 11... Nc6 12. N4f3 Bxb2 13. Qxb2 Qf6 14. Qxf6 Nxf6 15. O-O-O Ng4 16. Rhf1 f5 17. h3 Nge5 18. Nxe5 dxe5 19. exf5 Bxf5 {1-0 (52) Postny,E (2598)-Smirnov,A (2337) Tallinn 2019}) 12. O-O Nbc6 13. Nf5 Ng6 14. g3 {[%emt 0:01:44] Prevents Nf4.} Re8 15. Rfe1 Nf8 16. Rad1 Bxb2 17. Qxb2 Bxf5 18. exf5 Qg5 19. Bd3 Nd7 20. Nf3 Qh5 {[%emt 0:01:03] The position is equal.} 21. Kg2 Nde5 22. Nxe5 Nxe5 ({Don't do} 22... Rxe5 23. f4 Ree8 24. b4 $16) 23. Be4 {[%emt 0:02:32] Against Qf3+} Rad8 {[%emt 0:23:24] Weighted Error Value: White=0.05 (flawless) /Black=0.03 (flawless)} (23... Ng4 $1 $11 24. h4 {[#]} Nxf2 $1 25. Qxf2 Rxe4) 1/2-1/2

[Event "XV American Continental 2022"]
[Site "San Salvador"]
[Date "2022.05.06"]
[Round "5.2"]
[White "Yoo, Christopher Woojin"]
[Black "Pichot, Alan"]
[Result "1/2-1/2"]
[ECO "C58"]
[WhiteElo "2535"]
[BlackElo "2652"]
[Annotator "TA"]
[PlyCount "42"]
[EventDate "2022.05.02"]
[EventCountry "ESA"]
[SourceTitle "playchess.com"]
[Source "ChessBase"]
[SourceQuality "1"]
[TimeControl "40/5400+30:1800+30"]

1. e4 e5 2. Nf3 Nc6 3. Bc4 Nf6 4. Ng5 d5 5. exd5 Na5 6. Bb5+ c6 7. dxc6 bxc6 8. Bd3 $1 {[%emt 0:00:04][%mdl 4] is currently scoring better than 8.Be2.} Nd5 {[%emt 0:00:44] C58: Two Knights: 4 Ng5 d5 5 exd5 Na5 sidelines.} 9. h4 ({Worse is} 9. Qh5 g6 10. Nxf7 gxh5 $17) 9... Qc7 10. O-O h6 11. Nf3 Bd6 $1 12. Be4 O-O 13. d4 Bg4 14. Bxd5 cxd5 15. dxe5 Bxe5 {[%emt 0:06:42] This bishop pair is nice.} 16. Qxd5 Bxf3 17. Qxf3 ({Don't go for} 17. gxf3 $2 Rad8 18. Qb5 Rd4 $19) 17... Qxc2 {[%emt 0:00:06] [#]} 18. Qd5 $146 ({Predecessor:} 18. Nc3 Nc4 19. Re1 Rad8 20. Qe4 Qd3 21. Rb1 Na3 22. Qxd3 Rxd3 23. bxa3 Bxc3 24. Rf1 {1-0 (62) Huschenbeth,N (2596)-Tarjan,J (2412) Douglas 2017}) 18... Qc7 (18... Bxb2 $2 {[#]} 19. Na3 $1 Qc3 20. Bxb2 Qxb2 21. Qxa5 $18) 19. Nc3 Rad8 20. Qf3 Rfe8 {[%emt 0:14:16][%mdl 1024] Black has compensation.} 21. g3 Nc6 {[%emt 0:01:26] Weighted Error Value: White=0.03 (flawless) /Black=0.03 (flawless)} 1/2-1/2